 Dungeon Crawl Stone Soup version 0.19-a0-944-gb338e1e (webtiles) character file.

55 Charly the Chopper (level 3, -5/30 HPs)
             Began as a Hill Orc Skald on July 8, 2016.
             Slain by a gnoll
             ... wielding a +0 whip
              (7 damage)
             ... on level 3 of the Dungeon.
             The game lasted 00:06:58 (449 turns).

Charly the Chopper (Hill Orc Skald)                  Turns: 449, Time: 00:06:59

Health: -5/30      AC:  6    Str: 14    XL:     3   Next: 93%
Magic:  5/5        EV: 15    Int: 12    God:
Gold:   68         SH:  0    Dex: 11    Spells: 1 memorised, 4 levels left

rFire  . . .     SeeInvis .     a - +0 hand axe
rCold  . . .     Gourm    .     k - +0 scale mail
rNeg   . . .     Faith    .     (no shield)
rPois  .         Spirit   .     (no helmet)
rElec  .         Dismiss  .     (no cloak)
rCorr  .         Reflect  .     (no gloves)
SustAt .         Harm     .     (no boots)
MR     .....                    b - amulet of regeneration
Stlth  ..........               (no ring)
                                f - +6 ring of evasion

@: not resistant to hostile enchantments, extremely unstealthy
A: no striking features
a: no special abilities


You were on level 3 of the Dungeon.
You were not hungry.

You visited 1 branch of the dungeon, and saw 4 of its levels.

You collected 68 gold pieces.

Inventory:

Hand Weapons
 a - a +0 hand axe (weapon)
Missiles
 e - 10 poisoned needles
Armour
 i - a +0 ring mail
 k - a +0 scale mail (worn)
Jewellery
 b - an amulet of regeneration (around neck)
 f - a +6 ring of evasion (left hand)
Scrolls
 g - a scroll of immolation {unknown}
 h - 2 scrolls of identify {unknown}
 j - a scroll of noise {unknown}
Potions
 l - 2 potions of brilliance {unknown}
Books
 c - a book of Battle

   Spells                             Type                      Level
   a - Infusion                       Charms                       1
   b - Shroud of Golubria             Charms/Translocation         2
   c - Song of Slaying                Charms                       2
   d - Spectral Weapon                Hexes/Charms                 3
   e - Regeneration                   Charms/Necromancy            3
Comestibles
 d - 2 bread rations


   Skills:
 - Level 2.4 Fighting
 + Level 5.4 Axes
 - Level 1.1 Armour
 - Level 0.7 Dodging
 - Level 1.5 Spellcasting
 - Level 2.6 Charms


You had 4 spell levels left.
You knew the following spells:

 Your Spells              Type           Power        Failure   Level  Hunger
a - Infusion              Chrm           #...         41%         1    ##.....


Dungeon Overview and Level Annotations

Branches:
Dungeon (4/15)
 Temple: D:4-7

Altars:
Dithmenos
Zin


Message History

There is an open door here.
There is an open door here.
There is a stone staircase leading down here.
You climb downwards.
You hear the sound of rushing water.
There is an entrance to a sewer on this level.
Hurry and find it before the portal rusts away!
You hear the brisk rusting of a very distant drain.
A gnoll comes into view. It is wielding a halberd.
The gnoll shouts!
The gnoll misses you. The gnoll barely misses you.
There is a stone staircase leading up here.
The gnoll hits you from afar with a halberd.
The gnoll barely misses you. The gnoll hits you with a whip.
You climb upwards.
There is a stone staircase leading down here.
The gnoll hits you from afar with a spear!
* * * LOW HITPOINT WARNING * * *
The gnoll misses you. The gnoll hits you with a whip!
You die...

.....#......'..#
...#.#....†.##.#...
####.#......##.#...
.....)......##.#..#
.###.#......##.#..#
#.#########.#.(#
#.# #.#..# #.#
#.#..# ####.#######
#.#@.#
.....#.....###.#.g#
.....'.....'....g>#
######.....###.#.##
#.....# #.#.#
#.....###.#.##.#
####...........#
......#.#.######
##.....<#.......


You could see 2 gnolls.

Vanquished Creatures
  4 adders
  A worm (D:2)
  A giant gecko (D:3)
  An orc (D:3)
  A bat (D:1)
  2 giant cockroaches
  3 goblins (D:3)
  A hobgoblin (D:2)
  A kobold (D:2)
  A rat (D:3)
16 creatures vanquished.

Notes
Turn   | Place    | Note
-------+----------+-------------------------------------------
     0 | D:1      | Charly the Hill Orc Skald began the quest for the Orb.
     0 | D:1      | Reached XP level 1. HP: 18/18 MP: 3/3
    76 | D:2      | Reached skill level 3 in Axes
    84 | D:2      | Reached skill level 4 in Axes
    84 | D:2      | Reached XP level 2. HP: 16/25 MP: 4/4
   124 | D:3      | Found a shadowy altar of Dithmenos.
   148 | D:4      | Noticed a scorpion
   174 | D:3      | Reached XP level 3. HP: 15/30 MP: 5/5
   223 | D:3      | Reached skill level 5 in Axes
   248 | D:3      | Found a glowing silver altar of Zin.
   449 | D:3      | Slain by a gnoll

Vault maps used:
D:1:      dpeg_arrival_another_circle
D:3:      lemuel_doored_altar, grunt_pakellas_basics, first_bread,
          nicolae_dithmenos_shadow_blocks, uniq_robin
D:4:      minmay_wonky_spiral, gup_sewer_entry_bowl, uniq_menkaure

Skill      XL: |  1  2  3 |
---------------+----------+-----
Axes           | 4 5 |  5.4
Fighting       | |  2.4
Armour         | |  1.1
Dodging        | |  0.7
Spellcasting   | |  1.5
Charms         | |  2.6

Action                   || total
-------------------------++-------
Melee: Hand axe          ||    87
Armor: Leather armour    ||     8
       Ring mail         ||    15
Dodge: Dodged            ||    70
